 Dungeon Crawl Stone Soup version 0.27.1-34-g3ba077fa99 (webtiles) character file.

Game seed: 8824190177358127925

144 mcbry74 the Chopper (level 5, -1/45 HPs)
             Began as a Hill Orc Fighter on Jan 2, 2022.
             Slain by an adder (2 damage)
             ... on level 3 of the Dungeon.
             The game lasted 00:05:37 (2230 turns).

mcbry74 the Chopper (Hill Orc Fighter)              Turns: 2230, Time: 00:05:38

Health: -1/45      AC:  6    Str: 19    XL:     5   Next: 26%
Magic:  5/5        EV:  7    Int:  9    God:
Gold:   23         SH:  9    Dex: 10    Spells: 4/4 levels left

rFire    . . .     SeeInvis .   o - +1 whip (venom)
rCold    . . .     Faith    .   c - +0 kite shield
rNeg     . . .     Spirit   .   b - +0 scale mail
rPois    .         Reflect  .   (no helmet)
rElec    .         Harm     .   (no cloak)
rCorr    .         Rampage  .   (no gloves)
Will     .....                  (no boots)
Stlth    ..........             (no amulet)
HPRegen  0.15/turn              (no ring)
MPRegen  0.09/turn              (no ring)

@: lethally poisoned (-1 -> -6)
A: no striking features
a: no special abilities


You were on level 3 of the Dungeon.
You visited 1 branch of the dungeon, and saw 3 of its levels.

You collected 23 gold pieces.

Inventory:

Hand Weapons
 a - a +0 war axe
 h - a +0 hunting sling
 o - a +1 whip of venom (weapon)
 r - a +0 mace of protection
Missiles
 e - 3 boomerangs (quivered)
Armour
 b - a +0 scale mail (worn)
 c - a +0 kite shield (worn)
Jewellery
 l - a ring of magical power
Scrolls
 f - a scroll of teleportation {unknown}
 j - a scroll of enchant weapon {unknown}
 k - 2 scrolls of fog {unknown}
 m - a scroll of identify {unknown}
 p - a scroll of enchant armour {unknown}
Potions
 d - a potion of might
 g - 3 potions of curing {unknown}
 i - 3 potions of heal wounds {unknown}
 n - a potion of degeneration {unknown}
 q - a potion of ambrosia {unknown}


   Skills:
 - Level 3.6 Fighting
 + Level 7.0 Axes
 - Level 3.2 Armour
 - Level 3.2 Shields


You had 4 spell levels left.
You didn't know any spells.
Your spell library was empty.

Dungeon Overview and Level Annotations

Branches:
Dungeon (3/15)

Altars:

Shops:
D:1 (


Message History

The gnoll is moderately wounded.
You barely miss the gnoll.
The gnoll is moderately wounded.
The gnoll hits you but does no damage.
You hit the gnoll.
The gnoll is poisoned.
The gnoll is severely wounded.
The gnoll barely misses you.
You kill the gnoll!
Your Axes skill increases to level 7!
You hit the worm.
The worm is poisoned.
The worm is lightly wounded.
An adder and a rat come into view.
The adder hisses angrily.
You block the worm's attack.
The worm looks more healthy.
You hit the worm but do no damage.
The worm is lightly wounded.
The worm barely misses you.
You whack the worm!
The worm is heavily wounded.
You barely miss the worm.
The worm is heavily wounded.
The worm bites you!
* * * LOW HITPOINT WARNING * * *
You whack the worm!
The worm is poisoned.
The worm is severely wounded.
You block the worm's attack.
You kill the worm!
Throw: 3 boomerangs
Press: ? - help, Q - select action Shift-Dir - straight line, f - adder
Aim: an adder (35% to hit)
You throw a boomerang. The boomerang closely misses the adder.
The boomerang hits the rat.
The rat is heavily wounded.
The adder bites you but does no damage.
You barely miss the adder. The adder bites you.
* * * LOW HITPOINT WARNING * * *
You are lethally poisoned!
The adder poisons you! The adder bites you.
You die...

...#.......
#.#.....####
#...[.......
####......#######
...†÷............
####........###
##w..#........
##...#.#.#########
#....#.....rS@...#
#...####.######+##
####..>)...........
............##.....
..÷........S# ≈≈≈.
............# ≈≈≈
...).......r# ≈≈
....#####...# ≈
.......##...#


You could see an adder and a rat.

Vanquished Creatures
  3 gnolls (D:3)
  4 adders
  2 worms
  3 dart slugs
  An orc (D:3)
  3 ball pythons
  4 endoplasms
  A giant cockroach (D:1)
  6 goblins
  8 hobgoblins
  4 jackals (D:2)
  4 quokkas
  6 bats
  2 frilled lizards
  7 kobolds
  4 rats
62 creatures vanquished.

Notes
Turn   | Place    | Note
-------+----------+-------------------------------------------
     0 | D:1      | mcbry74 the Hill Orc Fighter began the quest for the Orb.
     0 | D:1      | Reached XP level 1. HP: 19/19 MP: 1/1
    14 | D:1      | Reached skill level 3 in Axes
   216 | D:1      | Reached XP level 2. HP: 26/26 MP: 2/2
   441 | D:1      | Reached skill level 4 in Axes
   584 | D:1      | Reached XP level 3. HP: 30/31 MP: 3/3
   698 | D:1      | Found Qujudos's Weapon Emporium.
   902 | D:2      | Reached skill level 5 in Axes
  1236 | D:2      | Reached XP level 4. HP: 38/39 MP: 4/4
  1469 | D:2      | Reached skill level 6 in Axes
  1727 | D:2      | Found a faded altar of an unknown god.
  2180 | D:3      | Reached XP level 5. HP: 14/45 MP: 5/5
  2204 | D:3      | Reached skill level 7 in Axes
  2222 | D:3      | HP: 1/45 [worm (9)]
  2230 | D:3      | HP: 1/45 [adder (2)]
  2230 | D:3      | Slain by an adder

Illustrated notes

Levels and vault maps discovered:
D:1:      onia_arrival_pentagram, layout_loops_ring, serial_shops, shop_statue
D:2:      layout_basic, chequers_ecumenical_altar_twisty
D:3:      layout_basic, serial_shops, nicolae_lakefront_shop

Skill      XL: |  1  2  3  4  5 |
---------------+----------------+-----
Axes           | 3 4 5 6 7 |  7.0
Fighting       | |  3.6
Armour         | |  3.2
Shields        | |  3.2

Action                   |  1- 3 |  4- 6 || total
-------------------------+-------+-------++-------
Melee: War axe           |   104 |       ||   104
       Whip              |    25 |    63 ||    88
Throw: Boomerang         |       |     3 ||     3
Armor: Scale mail        |    67 |    19 ||    86
Dodge: Dodged            |    46 |    21 ||    67
Block: Kite shield       |    82 |    34 ||   116
